NASHVILLE vs MINNESOTA

Created - June-11-21 at 20:24

Goals
1 2 3 T
NASHVILLE 0 0 0 0
MINNESOTA 1 1 0 2
Shots
1 2 3 T
NASHVILLE 9 7 11 27
MINNESOTA 8 13 10 31

1st period

1. MINNESOTA , Kyle Connor 31 (Torey Krug 42, Nikita Kucherov 54) at 5:37 (PP)

Penalties :
Erik Gustafsson (NSH) for High sticking (Minor) at 4:39

2nd period

2. MINNESOTA , Kyle Connor 32 (Nikita Kucherov 55, Torey Krug 43) at 17:49

Penalties :
Nicolas Hague (NSH) for Interference (Minor) at 8:53, Brian Dumoulin (NSH) for Tripping (Minor) at 11:56

3rd period

No Goal

Penalties :
Brian Dumoulin (NSH) for High sticking (Minor) at 8:13, David Savard (MIN) for Tripping (Minor) at 14:08, Zach Hyman (MIN) for Hooking (Minor) at 17:06, Nicolas Hague (NSH) for Interference (Minor) at 17:06

Goalie Stats

Devan Dubnyk (NSH), 29 saves from 31 shots - (0.935), L, 9-13-1, 60:00 minutes
Andrei Vasilevskiy (MIN), 27 saves from 27 shots - (1.000), W, 43-22-4, 60:00 minutes

Players Stats for NASHVILLE

Player Name              G  A  P  +/- PIM S  H  SB GA TA FO     MP     PP MP  PK MP  
------------------------------------------------------------------------------------
Alex Petrovic            0  0  0   0  0   1  2  1  0  0  0/0    17:48   0:00   2:50 
Alexander Barabanov      0  0  0   0  0   0  0  0  0  0  0/0     3:31   0:00   0:00 
Bobby Ryan               0  0  0   0  0   4  1  0  0  0  0/0    16:20   0:52   0:00 
Brian Dumoulin           0  0  0  -1  4   0  3  1  0  0  0/0    22:28   1:07   1:31 
Connor Carrick           0  0  0   0  0   0  0  1  0  0  0/0    15:58   0:00   0:43 
Devin Shore              0  0  0   0  0   3  0  0  0  0  7/16   16:13   0:00   0:22 
Erik Gustafsson          0  0  0   0  2   1  1  1  0  0  0/0    20:33   0:52   3:07 
J.T. Compher             0  0  0  -1  0   2  1  1  0  0  2/5    21:10   1:07   4:23 
Jason Dickinson          0  0  0   0  0   6  1  0  0  0  0/0    19:12   0:52   2:16 
Jimmy Vesey              0  0  0  -1  0   3  3  0  0  0  0/2    15:24   1:07   0:00 
Josh Leivo               0  0  0   0  0   0  1  0  0  0  0/1    15:51   0:00   0:00 
Morgan Rielly            0  0  0  -1  0   3  3  2  0  0  0/0    24:42   1:07   4:02 
Nicolas Hague            0  0  0   0  4   0  6  0  0  0  0/0    18:26   0:52   1:37 
Nolan Patrick            0  0  0   0  0   0  0  0  0  0  0/0     0:06   0:00   0:00 
Paul Byron               0  0  0   0  0   0  2  0  0  0  7/23   19:12   0:52   2:16 
Sean Monahan             0  0  0  -1  0   3  2  1  0  0  15/30  24:45   1:07   4:33 
Tage Thompson            0  0  0   0  0   1  3  0  0  0  0/0    15:51   0:00   0:00 
Yakov Trenin             0  0  0   0  0   0  1  0  0  0  1/4     3:31   0:00   0:00 

Players Stats for MINNESOTA

Player Name              G  A  P  +/- PIM S  H  SB GA TA FO     MP     PP MP  PK MP  
------------------------------------------------------------------------------------
Anders Lee               0  0  0   0  0   1  3  0  0  0  1/1    19:04   3:25   0:00 
Barclay Goodrow          0  0  0   0  0   0  0  0  0  0  0/2     8:52   0:00   0:46 
Brandon Tanev            0  0  0   0  0   1  0  2  0  0  0/0     9:48   0:00   1:42 
Bryan Rust               0  0  0   0  0   5  1  0  0  0  1/1    19:31   3:35   0:17 
David Savard             0  0  0   0  2   1  4  0  0  0  0/0    12:01   0:00   0:00 
Duncan Keith             0  0  0   0  0   0  0  0  0  0  0/0    22:06   0:00   1:41 
Joe Thornton             0  0  0   0  0   1  0  0  0  0  7/15   13:36   3:20   0:00 
Johan Larsson            0  0  0   0  0   0  0  0  0  0  5/6     8:06   0:00   0:00 
John Tavares             0  0  0   0  0   4  1  0  0  0  21/30  20:53   3:30   0:00 
Kris Russell             0  0  0   0  0   1  0  0  0  0  0/0    12:02   0:00   0:00 
Kyle Connor              2  0  2   1  0   4  0  1  0  0  0/2    20:20   3:30   0:00 
Mark Giordano            0  0  0   1  0   0  3  2  0  0  0/0    24:05   3:35   1:05 
Mats Zuccarello          0  0  0   0  0   3  0  0  0  0  0/2    13:14   2:58   0:00 
Nikita Kucherov          0  2  2   1  0   7  1  0  0  0  0/0    19:13   3:52   0:00 
Ryan Pulock              0  0  0   0  0   0  3  2  0  0  0/0    20:51   0:00   1:12 
Tomas Hertl              0  0  0   1  0   2  2  0  0  0  13/21  19:59   3:25   1:13 
Torey Krug               0  2  2   1  0   1  1  0  0  0  0/0    21:59   3:20   0:00 
Zach Hyman               0  0  0   0  2   0  3  0  0  0  1/1    10:20   0:05   0:00 

3 Stars

1 - Andrei Vasilevskiy (MIN)
2 - Kyle Connor (MIN)
3 - Torey Krug (MIN)

Power Play

NASHVILLE - 0 on 1 Attempt(s) - 0.00%
MINNESOTA - 1 on 4 Attempt(s) - 25.00%

Penalty Kill

NASHVILLE - 3 on 4 Attempt(s) - 75.00% - Score 0 goal in Penalty Kill
MINNESOTA - 1 on 1 Attempt(s) - 100.00% - Score 0 goal in Penalty Kill

Team Stat

NASHVILLE - Hits : 30 - Faceoff Wins : 32 - Blocked Shots : 8 - Penalty Minutes : 10
MINNESOTA - Hits : 22 - Faceoff Wins : 49 - Blocked Shots : 7 - Penalty Minutes : 4

Official

Referees : Conor O'Donnell and Kelly Sutherland
Linesman : Kenny Prato and Craig Andreozzi

Game Notes

No Game Note

Finance

Level 1 -- Attendance: 5429 (90.48%) -- Ticket Income $461,465
Level 2 -- Attendance: 4445 (88.90%) -- Ticket Income $244,475
Level 3 -- Attendance: 2000 (100.00%) -- Ticket Income $70,000
Level 4 -- Attendance: 3637 (90.93%) -- Ticket Income $72,740
Luxury Box -- Attendance: 641 (64.10%) -- Ticket Income $160,250
Game was played at the Xcel Energy Center.
Total Attendance: 16152 (89.73%)
Total Ticket Income: $1,008,930
Total Income: $1,008,930

NASHVILLE

5 vs 5 Forward 
   Center                   Left Wing                Right Wing               Time % Phy DF OF 
 1 Sean Monahan             J.T. Compher             Jimmy Vesey              35     1   2  2  
 2 Paul Byron               Jason Dickinson          Bobby Ryan               30     1   2  2  
 3 Devin Shore              Josh Leivo               Tage Thompson            25     1   2  2  
 4 Yakov Trenin             Sean Monahan             Alexander Barabanov      10     1   2  2  

5 vs 5 Defense 
   Defense                  Defense                                           Time % Phy DF OF 
 1 Morgan Rielly            Brian Dumoulin                                    35     1   2  2  
 2 Erik Gustafsson          Nicolas Hague                                     30     1   2  2  
 3 Connor Carrick           Alex Petrovic                                     25     1   2  2  
 4 Morgan Rielly            Brian Dumoulin                                    10     1   2  2  

PowerPlay Forward 
   Center                   Left Wing                Right Wing               Time % Phy DF OF 
 1 Sean Monahan             J.T. Compher             Jimmy Vesey              60     1   2  2  
 2 Paul Byron               Jason Dickinson          Bobby Ryan               40     1   2  2  

PowerPlay Defense
   Defense                  Defense                                           Time % Phy DF OF 
 1 Morgan Rielly            Brian Dumoulin                                    60     1   2  2  
 2 Erik Gustafsson          Nicolas Hague                                     40     1   2  2  

Penalty Kill 4 Players Forward 
   Center                   Wing                     Time % Phy DF OF 
 1 Sean Monahan             J.T. Compher             60     1   2  2  
 2 Paul Byron               Jason Dickinson          40     1   2  2  

Penalty Kill 4 Players Defense
   Defense                  Defense                  Time % Phy DF OF 
 1 Morgan Rielly            Brian Dumoulin           60     1   2  2  
 2 Erik Gustafsson          Nicolas Hague            40     1   2  2  

Penalty Kill - 3 Players Forward 
   Forward                                           Time % Phy DF OF 
 1 Sean Monahan                                      60     1   2  2  
 2 J.T. Compher                                      40     1   2  2  

Penalty Kill - 3 Players Defense
   Defense                  Defense                  Time % Phy DF OF 
 1 Morgan Rielly            Brian Dumoulin           60     1   2  2  
 2 Erik Gustafsson          Nicolas Hague            40     1   2  2  

4 vs 4 Forward 
   Center                   Wing                     Time % Phy DF OF 
 1 Sean Monahan             J.T. Compher             60     1   2  2  
 2 Paul Byron               Jason Dickinson          40     1   2  2  

4 vs 4 Defense
   Defense                  Defense                  Time % Phy DF OF 
 1 Morgan Rielly            Brian Dumoulin           60     1   2  2  
 2 Erik Gustafsson          Nicolas Hague            40     1   2  2  

Last Minutes Offensive
   Center                   Left Wing                Right Wing               Defense                  Defense                  
   Sean Monahan             J.T. Compher             Jimmy Vesey              Morgan Rielly            Brian Dumoulin           

Last Minutes Defensive
   Center                   Left Wing                Right Wing               Defense                  Defense                  
   Sean Monahan             J.T. Compher             Jimmy Vesey              Morgan Rielly            Brian Dumoulin           

Goaltenders
Starting : Devan Dubnyk             
Backup : Joonas Korpisalo         

Extra Forwards
Normal : Nolan Patrick, Josh Leivo, Devin Shore - PP : Nolan Patrick, Josh Leivo - PK : Devin Shore
Extra Defensemen
Normal : Connor Carrick, Alex Petrovic, Erik Gustafsson - PP : Connor Carrick - PK : Alex Petrovic, Erik Gustafsson
Penalty Shots
Sean Monahan, J.T. Compher, Paul Byron, Jason Dickinson, Jimmy Vesey

Scratches
Jordan Weal (Healthy), Jared McCann (Healthy), Andrew Peeke (Healthy), Aaron Dell (Healthy), NSH Cap Hit (Suspend)

MINNESOTA

5 vs 5 Forward 
   Center                   Left Wing                Right Wing               Time % Phy DF OF 
 1 Tomas Hertl              Kyle Connor              Nikita Kucherov          35     1   2  2  
 2 John Tavares             Anders Lee               Bryan Rust               35     1   1  3  
 3 Joe Thornton             Mats Zuccarello          Zach Hyman               20     1   1  3  
 4 Johan Larsson            Brandon Tanev            Barclay Goodrow          10     2   2  1  

5 vs 5 Defense 
   Defense                  Defense                                           Time % Phy DF OF 
 1 Mark Giordano            Torey Krug                                        39     0   2  3  
 2 Ryan Pulock              Duncan Keith                                      37     1   2  2  
 3 David Savard             Kris Russell                                      17     1   3  1  
 4 Mark Giordano            Duncan Keith                                      7      0   2  3  

PowerPlay Forward 
   Center                   Left Wing                Right Wing               Time % Phy DF OF 
 1 John Tavares             Mats Zuccarello          Kyle Connor              60     1   0  4  
 2 Joe Thornton             Tomas Hertl              Anders Lee               40     1   1  3  

PowerPlay Defense
   Defense                  Defense                                           Time % Phy DF OF 
 1 Torey Krug               Nikita Kucherov                                   56     0   1  4  
 2 Bryan Rust               Mark Giordano                                     44     1   1  3  

Penalty Kill 4 Players Forward 
   Center                   Wing                     Time % Phy DF OF 
 1 Tomas Hertl              Brandon Tanev            60     1   3  1  
 2 Barclay Goodrow          Bryan Rust               40     1   3  1  

Penalty Kill 4 Players Defense
   Defense                  Defense                  Time % Phy DF OF 
 1 Mark Giordano            Duncan Keith             60     0   4  1  
 2 David Savard             Ryan Pulock              40     1   3  1  

Penalty Kill - 3 Players Forward 
   Forward                                           Time % Phy DF OF 
 1 Barclay Goodrow                                   60     1   4  0  
 2 Brandon Tanev                                     40     0   5  0  

Penalty Kill - 3 Players Defense
   Defense                  Defense                  Time % Phy DF OF 
 1 Mark Giordano            Duncan Keith             60     1   4  0  
 2 Ryan Pulock              David Savard             40     1   4  0  

4 vs 4 Forward 
   Center                   Wing                     Time % Phy DF OF 
 1 John Tavares             Kyle Connor              55     1   2  2  
 2 Tomas Hertl              Nikita Kucherov          45     1   1  3  

4 vs 4 Defense
   Defense                  Defense                  Time % Phy DF OF 
 1 Mark Giordano            Torey Krug               50     1   2  2  
 2 Ryan Pulock              Duncan Keith             50     1   2  2  

Last Minutes Offensive
   Center                   Left Wing                Right Wing               Defense                  Defense                  
   John Tavares             Kyle Connor              Nikita Kucherov          Torey Krug               Mark Giordano            

Last Minutes Defensive
   Center                   Left Wing                Right Wing               Defense                  Defense                  
   Tomas Hertl              Brandon Tanev            Barclay Goodrow          Mark Giordano            Duncan Keith             

Goaltenders
Starting : Andrei Vasilevskiy       
Backup : Brian Elliott            

Extra Forwards
Normal : Tomas Hertl, John Tavares, Nikita Kucherov - PP : Zach Hyman, Nikita Kucherov - PK : Tomas Hertl
Extra Defensemen
Normal : Mark Giordano, Duncan Keith, Torey Krug - PP : Torey Krug - PK : Ryan Pulock, Mark Giordano
Penalty Shots
Nikita Kucherov, Mats Zuccarello, Kyle Connor, Tomas Hertl, Bryan Rust

Scratches
Brett Kulak (Healthy), Ryan Carpenter (Healthy), MIN Cap Hit (Healthy), Michael Stone (Healthy)

% Time on Ice - NASHVILLE

Lines # - Real PCT - Wanted PCT - Time Play
Normal Forward
1 - 29% - 35% - 14:17
2 - 31% - 30% - 15:28
3 - 32% - 25% - 15:51
4 - 7% - 10% - 3:31
Normal Defense
1 - 32% - 35% - 15:54
2 - 33% - 30% - 15:59
3 - 30% - 25% - 14:39
4 - 5% - 10% - 2:35
PP Forward
1 - 56% - 60% - 1:07
2 - 44% - 40% - 0:52
PP Defense
1 - 56% - 60% - 1:07
2 - 44% - 40% - 0:52
PK Forward
1 - 67% - 60% - 4:39
2 - 33% - 40% - 2:16
PK Defense
1 - 64% - 60% - 4:24
2 - 36% - 40% - 2:31
PK3 Forward
1 - 0% - 60%
2 - 0% - 40%
PK3 Defense
1 - 0% - 60%
2 - 0% - 40%
44 Forward
1 - 70% - 60% - 1:23
2 - 30% - 40% - 0:36
44 Defense
1 - 70% - 60% - 1:23
2 - 30% - 40% - 0:36
Last Minute Offensive  - 0:00
Last Minute Defensive  - 0:00
Total
Forward - 60:00
Defense - 60:00

% Time on Ice - MINNESOTA

Lines # - Real PCT - Wanted PCT - Time Play
Normal Forward
1 - 31% - 35% - 15:06
2 - 32% - 35% - 15:39
3 - 21% - 20% - 10:16
4 - 16% - 10% - 8:06
Normal Defense
1 - 37% - 39% - 18:24
2 - 36% - 37% - 17:55
3 - 24% - 17% - 12:02
4 - 2% - 7% - 0:46
PP Forward
1 - 51% - 60% - 3:30
2 - 49% - 40% - 3:25
PP Defense
1 - 48% - 56% - 3:20
2 - 52% - 44% - 3:35
PK Forward
1 - 86% - 60% - 1:42
2 - 14% - 40% - 0:17
PK Defense
1 - 39% - 60% - 0:47
2 - 61% - 40% - 1:12
PK3 Forward
1 - 0% - 60%
2 - 0% - 40%
PK3 Defense
1 - 0% - 60%
2 - 0% - 40%
44 Forward
1 - 87% - 55% - 1:44
2 - 13% - 45% - 0:15
44 Defense
1 - 13% - 50% - 0:15
2 - 87% - 50% - 1:44
Last Minute Offensive  - 0:00
Last Minute Defensive  - 0:00
Total
Forward - 60:00
Defense - 60:00

Play-by-Play

1st period


0:01 of 1st period - Sean Monahan wins face-off versus Kyle Connor in neutral zone.
0:37 of 1st period - Tomas Hertl is hit by Brian Dumoulin and loses puck.
1:05 of 1st period - Icing by John Tavares.
1:06 of 1st period - John Tavares wins face-off versus Devin Shore in MINNESOTA zone.
1:17 of 1st period - Shot by John Tavares.
1:17 of 1st period - Stopped by Devan Dubnyk with a rebound.
1:48 of 1st period - Icing by Devin Shore.
1:49 of 1st period - Devin Shore wins face-off versus Joe Thornton in NASHVILLE zone.
2:03 of 1st period - Zach Hyman is hit by Nicolas Hague and loses puck.
2:41 of 1st period - Icing by Erik Gustafsson.
2:42 of 1st period - Paul Byron wins face-off versus Barclay Goodrow in NASHVILLE zone.
2:49 of 1st period - Brandon Tanev is hit by Paul Byron and loses puck.
3:17 of 1st period - Shot by Sean Monahan.
3:17 of 1st period - Stopped by Andrei Vasilevskiy with a rebound.
3:32 of 1st period - Sean Monahan is hit by Torey Krug and loses puck.
3:38 of 1st period - Icing by Kyle Connor.
3:39 of 1st period - Devin Shore wins face-off versus Tomas Hertl in MINNESOTA zone.
3:56 of 1st period - Shot by Alex Petrovic.
3:56 of 1st period - Stopped by Andrei Vasilevskiy with a rebound.
4:00 of 1st period - Shot by Devin Shore.
4:00 of 1st period - Stopped by Andrei Vasilevskiy without a rebound.
4:01 of 1st period - John Tavares wins face-off versus Sean Monahan in MINNESOTA zone.
4:01 of 1st period - Bryan Rust is hit by Nicolas Hague and loses puck.
4:14 of 1st period - Kris Russell is hit by Jimmy Vesey and loses puck.
4:35 of 1st period - Shot by John Tavares.
4:35 of 1st period - Stopped by Devan Dubnyk with a rebound.
4:37 of 1st period - Shot by Kris Russell.
4:37 of 1st period - Stopped by Devan Dubnyk with a rebound.
4:39 of 1st period - Shot by Bryan Rust.
4:39 of 1st period - Stopped by Devan Dubnyk without a rebound.
4:39 of 1st period - Minor Penalty to Erik Gustafsson for High sticking.
4:40 of 1st period - Devin Shore wins face-off versus John Tavares in NASHVILLE zone.
4:53 of 1st period - Shot by Nikita Kucherov.
4:53 of 1st period - Shot Blocked by Brian Dumoulin.
4:55 of 1st period - Shot by John Tavares.
4:55 of 1st period - Shot Misses the Net.
4:57 of 1st period - Shot by Kyle Connor.
4:57 of 1st period - Shot Misses the Net.
4:59 of 1st period - Shot by Mats Zuccarello.
4:59 of 1st period - Shot Misses the Net.
5:01 of 1st period - Shot by Mats Zuccarello.
5:01 of 1st period - Stopped by Devan Dubnyk without a rebound.
5:02 of 1st period - Sean Monahan wins face-off versus Joe Thornton in NASHVILLE zone.
5:13 of 1st period - Shot by Bryan Rust.
5:13 of 1st period - Shot Misses the Net.
5:15 of 1st period - Shot by Tomas Hertl.
5:15 of 1st period - Shot Misses the Net.
5:23 of 1st period - Shot by Tomas Hertl.
5:23 of 1st period - Stopped by Devan Dubnyk with a rebound.
5:25 of 1st period - Shot by Mark Giordano.
5:25 of 1st period - Shot Misses the Net.
5:27 of 1st period - Shot by Tomas Hertl.
5:27 of 1st period - Stopped by Devan Dubnyk without a rebound.
5:28 of 1st period - John Tavares wins face-off versus Paul Byron in NASHVILLE zone.
5:35 of 1st period - Shot by Kyle Connor.
5:35 of 1st period - Shot Misses the Net.
5:37 of 1st period - Shot by Kyle Connor.
5:37 of 1st period - Goal by Kyle Connor - NASHVILLE : 0 - MINNESOTA : 1.
5:38 of 1st period - Johan Larsson wins face-off versus Devin Shore in neutral zone.
6:25 of 1st period - Icing by Connor Carrick.
6:26 of 1st period - Tomas Hertl wins face-off versus Devin Shore in NASHVILLE zone.
6:26 of 1st period - Mark Giordano is hit by Alex Petrovic and loses puck.
6:33 of 1st period - Alex Petrovic is hit by Tomas Hertl and loses puck.
6:56 of 1st period - Off-side.
6:57 of 1st period - Sean Monahan wins face-off versus John Tavares in neutral zone.
7:02 of 1st period - Shot by J.T. Compher.
7:02 of 1st period - Deflect By Sean Monahan.
7:02 of 1st period - Shot Misses the Net.
7:57 of 1st period - Icing by Erik Gustafsson.
7:58 of 1st period - Tomas Hertl wins face-off versus Sean Monahan in NASHVILLE zone.
8:41 of 1st period - Morgan Rielly is hit by Nikita Kucherov and loses puck.
8:54 of 1st period - Shot by Bobby Ryan.
8:54 of 1st period - Stopped by Andrei Vasilevskiy without a rebound.
8:55 of 1st period - Joe Thornton wins face-off versus Devin Shore in MINNESOTA zone.
8:55 of 1st period - Joe Thornton is hit by Tage Thompson.
9:11 of 1st period - Zach Hyman is hit by Josh Leivo and loses puck.
10:36 of 1st period - Icing by David Savard.
10:37 of 1st period - Yakov Trenin wins face-off versus John Tavares in MINNESOTA zone.
11:44 of 1st period - Sean Monahan is hit by Zach Hyman and loses puck.
12:04 of 1st period - Shot by Devin Shore.
12:04 of 1st period - Shot Misses the Net.
12:30 of 1st period - Shot by Devin Shore.
12:30 of 1st period - Shot Misses the Net.
12:41 of 1st period - Mark Giordano is hit by Tage Thompson and loses puck.
13:04 of 1st period - Shot by Brandon Tanev.
13:04 of 1st period - Shot Misses the Net.
13:16 of 1st period - Brandon Tanev is hit by Morgan Rielly and loses puck.
14:05 of 1st period - Shot by Jason Dickinson.
14:05 of 1st period - Shot Misses the Net.
14:07 of 1st period - Shot by Bobby Ryan.
14:07 of 1st period - Deflect By Jason Dickinson.
14:07 of 1st period - Stopped by Andrei Vasilevskiy with a rebound.
14:13 of 1st period - Shot by Bobby Ryan.
14:13 of 1st period - Stopped by Andrei Vasilevskiy without a rebound.
14:14 of 1st period - Tomas Hertl wins face-off versus Sean Monahan in MINNESOTA zone.
14:14 of 1st period - Tomas Hertl is hit by Jimmy Vesey.
14:30 of 1st period - J.T. Compher is hit by David Savard and loses puck.
14:43 of 1st period - Shot by Jimmy Vesey.
14:43 of 1st period - Stopped by Andrei Vasilevskiy without a rebound.
14:44 of 1st period - John Tavares wins face-off versus Paul Byron in MINNESOTA zone.
15:26 of 1st period - Icing by Torey Krug.
15:27 of 1st period - John Tavares wins face-off versus J.T. Compher in MINNESOTA zone.
15:34 of 1st period - J.T. Compher is hit by John Tavares and loses puck.
15:46 of 1st period - Off-side.
15:47 of 1st period - Tomas Hertl wins face-off versus Yakov Trenin in neutral zone.
15:47 of 1st period - Tomas Hertl is hit by Yakov Trenin.
16:00 of 1st period - Off-side.
16:01 of 1st period - Joe Thornton wins face-off versus Paul Byron in neutral zone.
16:11 of 1st period - Shot by Ryan Pulock.
16:11 of 1st period - Shot Blocked by Connor Carrick.
16:56 of 1st period - Icing by Jason Dickinson.
16:57 of 1st period - John Tavares wins face-off versus Paul Byron in NASHVILLE zone.
17:17 of 1st period - Paul Byron is hit by Bryan Rust and loses puck.
18:12 of 1st period - Shot by Sean Monahan.
18:12 of 1st period - Stopped by Andrei Vasilevskiy without a rebound.
18:13 of 1st period - Devin Shore wins face-off versus Mats Zuccarello in MINNESOTA zone.
18:13 of 1st period - Erik Gustafsson is hit by Ryan Pulock and loses puck.
18:20 of 1st period - Shot by Tage Thompson.
18:20 of 1st period - Stopped by Andrei Vasilevskiy with a rebound.
18:22 of 1st period - Shot by Erik Gustafsson.
18:22 of 1st period - Shot Misses the Net.
19:00 of 1st period - Icing by Nicolas Hague.
19:01 of 1st period - Tomas Hertl wins face-off versus Devin Shore in NASHVILLE zone.
19:33 of 1st period - Shot by Kyle Connor.
19:33 of 1st period - Shot Misses the Net.
19:41 of 1st period - Mark Giordano is hit by Sean Monahan and loses puck.
19:50 of 1st period - Shot by Jimmy Vesey.
19:50 of 1st period - Shot Blocked by Mark Giordano.
19:52 of 1st period - Shot by Brian Dumoulin.
19:52 of 1st period - Shot Misses the Net.
Goals for this period are 0 for NASHVILLE vs 1 for MINNESOTA.
Shots for this period are 9 for NASHVILLE vs 8 for MINNESOTA.

2nd period


0:01 of 2nd period - John Tavares wins face-off versus Sean Monahan in neutral zone.
1:25 of 2nd period - Shot by Tomas Hertl.
1:25 of 2nd period - Shot Misses the Net.
1:27 of 2nd period - Shot by Nikita Kucherov.
1:27 of 2nd period - Stopped by Devan Dubnyk with a rebound.
1:29 of 2nd period - Shot by Nikita Kucherov.
1:29 of 2nd period - Stopped by Devan Dubnyk without a rebound.
1:30 of 2nd period - Devin Shore wins face-off versus Joe Thornton in NASHVILLE zone.
2:04 of 2nd period - Shot by Mats Zuccarello.
2:04 of 2nd period - Stopped by Devan Dubnyk with a rebound.
2:06 of 2nd period - Shot by Kris Russell.
2:06 of 2nd period - Shot Blocked by Alex Petrovic.
2:14 of 2nd period - Devin Shore is hit by Zach Hyman and loses puck.
2:27 of 2nd period - Connor Carrick is hit by Anders Lee and loses puck.
3:00 of 2nd period - Shot by John Tavares.
3:00 of 2nd period - Shot Misses the Net.
3:16 of 2nd period - Shot by Jason Dickinson.
3:16 of 2nd period - Stopped by Andrei Vasilevskiy without a rebound.
3:17 of 2nd period - Johan Larsson wins face-off versus Sean Monahan in MINNESOTA zone.
4:21 of 2nd period - Paul Byron is hit by David Savard and loses puck.
4:26 of 2nd period - Shot by Paul Byron.
4:26 of 2nd period - Deflect By Bobby Ryan.
4:26 of 2nd period - Shot Hit the Post.
4:28 of 2nd period - Shot by Jason Dickinson.
4:28 of 2nd period - Shot Misses the Net.
4:30 of 2nd period - Shot by Brian Dumoulin.
4:30 of 2nd period - Shot Misses the Net.
4:32 of 2nd period - Shot by Jason Dickinson.
4:32 of 2nd period - Stopped by Andrei Vasilevskiy without a rebound.
4:33 of 2nd period - John Tavares wins face-off versus Yakov Trenin in MINNESOTA zone.
5:05 of 2nd period - Icing by Ryan Pulock.
5:06 of 2nd period - John Tavares wins face-off versus Devin Shore in MINNESOTA zone.
5:45 of 2nd period - Icing by Duncan Keith.
5:46 of 2nd period - John Tavares wins face-off versus Paul Byron in MINNESOTA zone.
6:12 of 2nd period - Paul Byron is hit by Mark Giordano and loses puck.
6:27 of 2nd period - Nicolas Hague is hit by Tomas Hertl and loses puck.
6:31 of 2nd period - Off-side.
6:32 of 2nd period - J.T. Compher wins face-off versus Joe Thornton in neutral zone.
6:37 of 2nd period - Shot by Sean Monahan.
6:37 of 2nd period - Shot Misses the Net.
6:39 of 2nd period - Shot by Sean Monahan.
6:39 of 2nd period - Shot Misses the Net.
6:41 of 2nd period - Shot by Sean Monahan.
6:41 of 2nd period - Deflect By J.T. Compher.
6:41 of 2nd period - Stopped by Andrei Vasilevskiy without a rebound.
6:42 of 2nd period - Johan Larsson wins face-off versus Devin Shore in MINNESOTA zone.
6:59 of 2nd period - Shot by Barclay Goodrow.
6:59 of 2nd period - Deflect By Brandon Tanev.
6:59 of 2nd period - Stopped by Devan Dubnyk without a rebound.
7:00 of 2nd period - Sean Monahan wins face-off versus Tomas Hertl in NASHVILLE zone.
7:07 of 2nd period - David Savard is hit by Jimmy Vesey and loses puck.
7:30 of 2nd period - Shot by Jimmy Vesey.
7:30 of 2nd period - Shot Hit the Post.
8:18 of 2nd period - Shot by Joe Thornton.
8:18 of 2nd period - Shot Misses the Net.
8:20 of 2nd period - Shot by Joe Thornton.
8:20 of 2nd period - Shot Misses the Net.
8:32 of 2nd period - Shot by Mats Zuccarello.
8:32 of 2nd period - Shot Misses the Net.
8:34 of 2nd period - Shot by Mark Giordano.
8:34 of 2nd period - Shot Misses the Net.
8:44 of 2nd period - Duncan Keith is hit by Bobby Ryan.
8:48 of 2nd period - Shot by John Tavares.
8:48 of 2nd period - Stopped by Devan Dubnyk without a rebound.
8:49 of 2nd period - Johan Larsson wins face-off versus Josh Leivo in NASHVILLE zone.
8:53 of 2nd period - Minor Penalty to Nicolas Hague for Interference.
8:54 of 2nd period - John Tavares wins face-off versus Sean Monahan in NASHVILLE zone.
9:03 of 2nd period - Shot by Mats Zuccarello.
9:03 of 2nd period - Stopped by Devan Dubnyk without a rebound.
9:04 of 2nd period - Sean Monahan wins face-off versus Joe Thornton in NASHVILLE zone.
9:40 of 2nd period - Icing by Anders Lee.
9:41 of 2nd period - Joe Thornton wins face-off versus Sean Monahan in MINNESOTA zone.
10:24 of 2nd period - Shot by Bryan Rust.
10:24 of 2nd period - Stopped by Devan Dubnyk without a rebound.
10:25 of 2nd period - Sean Monahan wins face-off versus John Tavares in NASHVILLE zone.
10:42 of 2nd period - Shot by Kyle Connor.
10:42 of 2nd period - Shot Blocked by Morgan Rielly.
10:44 of 2nd period - Shot by Bryan Rust.
10:44 of 2nd period - Stopped by Devan Dubnyk without a rebound.
10:45 of 2nd period - Joe Thornton wins face-off versus Paul Byron in NASHVILLE zone.
10:46 of 2nd period - Shot by Torey Krug.
10:46 of 2nd period - Shot Misses the Net.
10:49 of 2nd period - Tomas Hertl is hit by Alex Petrovic and loses puck.
11:00 of 2nd period - Duncan Keith is hit by Tage Thompson and loses puck.
11:49 of 2nd period - Off-side.
11:50 of 2nd period - Tomas Hertl wins face-off versus Paul Byron in neutral zone.
11:56 of 2nd period - Minor Penalty to Brian Dumoulin for Tripping.
11:57 of 2nd period - Sean Monahan wins face-off versus John Tavares in NASHVILLE zone.
12:08 of 2nd period - Shot by Kyle Connor.
12:08 of 2nd period - Shot Misses the Net.
12:10 of 2nd period - Shot by Nikita Kucherov.
12:10 of 2nd period - Stopped by Devan Dubnyk with a rebound.
12:12 of 2nd period - Shot by Kyle Connor.
12:12 of 2nd period - Shot Misses the Net.
12:18 of 2nd period - Shot by Kyle Connor.
12:18 of 2nd period - Shot Misses the Net.
12:20 of 2nd period - Shot by Torey Krug.
12:20 of 2nd period - Shot Blocked by Sean Monahan.
13:21 of 2nd period - Shot by Bryan Rust.
13:21 of 2nd period - Stopped by Devan Dubnyk without a rebound.
13:22 of 2nd period - Paul Byron wins face-off versus Joe Thornton in NASHVILLE zone.
13:59 of 2nd period - Bryan Rust is hit by Brian Dumoulin and loses puck.
14:14 of 2nd period - Off-side.
14:15 of 2nd period - Tomas Hertl wins face-off versus Paul Byron in neutral zone.
14:20 of 2nd period - Shot by Kyle Connor.
14:20 of 2nd period - Stopped by Devan Dubnyk without a rebound.
14:21 of 2nd period - Johan Larsson wins face-off versus Paul Byron in NASHVILLE zone.
14:56 of 2nd period - Jason Dickinson is hit by Ryan Pulock and loses puck.
16:23 of 2nd period - Icing by Alex Petrovic.
16:24 of 2nd period - Tomas Hertl wins face-off versus Sean Monahan in NASHVILLE zone.
16:31 of 2nd period - Shot by Kyle Connor.
16:31 of 2nd period - Shot Misses the Net.
16:33 of 2nd period - Shot by Nikita Kucherov.
16:33 of 2nd period - Stopped by Devan Dubnyk without a rebound.
16:34 of 2nd period - Joe Thornton wins face-off versus Paul Byron in NASHVILLE zone.
16:45 of 2nd period - Icing by Kris Russell.
16:46 of 2nd period - Sean Monahan wins face-off versus Mats Zuccarello in MINNESOTA zone.
17:15 of 2nd period - Shot by J.T. Compher.
17:15 of 2nd period - Stopped by Andrei Vasilevskiy without a rebound.
17:16 of 2nd period - Tomas Hertl wins face-off versus Paul Byron in MINNESOTA zone.
17:29 of 2nd period - Shot by Bobby Ryan.
17:29 of 2nd period - Stopped by Andrei Vasilevskiy without a rebound.
17:30 of 2nd period - John Tavares wins face-off versus Devin Shore in MINNESOTA zone.
17:35 of 2nd period - Shot by Devin Shore.
17:35 of 2nd period - Stopped by Andrei Vasilevskiy without a rebound.
17:36 of 2nd period - Tomas Hertl wins face-off versus J.T. Compher in MINNESOTA zone.
17:49 of 2nd period - Shot by Kyle Connor.
17:49 of 2nd period - Goal by Kyle Connor - NASHVILLE : 0 - MINNESOTA : 2.
17:50 of 2nd period - Paul Byron wins face-off versus John Tavares in neutral zone.
18:15 of 2nd period - Icing by Duncan Keith.
18:16 of 2nd period - John Tavares wins face-off versus Sean Monahan in MINNESOTA zone.
18:24 of 2nd period - Off-side.
18:25 of 2nd period - Sean Monahan wins face-off versus Kyle Connor in neutral zone.
18:55 of 2nd period - Icing by Brian Dumoulin.
18:56 of 2nd period - Sean Monahan wins face-off versus John Tavares in NASHVILLE zone.
18:56 of 2nd period - J.T. Compher is hit by Anders Lee.
18:57 of 2nd period - Icing by J.T. Compher.
18:58 of 2nd period - John Tavares wins face-off versus Jimmy Vesey in NASHVILLE zone.
19:11 of 2nd period - Shot by Jimmy Vesey.
19:11 of 2nd period - Stopped by Andrei Vasilevskiy with a rebound.
19:46 of 2nd period - Jason Dickinson is hit by Ryan Pulock and loses puck.
Goals for this period are 0 for NASHVILLE vs 1 for MINNESOTA.
Shots for this period are 7 for NASHVILLE vs 13 for MINNESOTA.

3rd period


0:01 of 3rd period - Sean Monahan wins face-off versus Tomas Hertl in neutral zone.
0:03 of 3rd period - Brian Dumoulin is hit by Mark Giordano and loses puck.
0:11 of 3rd period - Torey Krug is hit by J.T. Compher and loses puck.
0:27 of 3rd period - Kyle Connor is hit by Sean Monahan and loses puck.
0:38 of 3rd period - Icing by Brian Dumoulin.
0:39 of 3rd period - John Tavares wins face-off versus Sean Monahan in NASHVILLE zone.
0:45 of 3rd period - Bryan Rust is hit by Brian Dumoulin and loses puck.
1:08 of 3rd period - Shot by Jason Dickinson.
1:08 of 3rd period - Stopped by Andrei Vasilevskiy without a rebound.
1:09 of 3rd period - Devin Shore wins face-off versus Joe Thornton in MINNESOTA zone.
1:13 of 3rd period - Devin Shore is hit by David Savard and loses puck.
1:24 of 3rd period - Shot by Devin Shore.
1:24 of 3rd period - Stopped by Andrei Vasilevskiy without a rebound.
1:25 of 3rd period - Paul Byron wins face-off versus Tomas Hertl in MINNESOTA zone.
1:51 of 3rd period - Off-side.
1:52 of 3rd period - Bryan Rust wins face-off versus Jimmy Vesey in neutral zone.
2:05 of 3rd period - Anders Lee is hit by Morgan Rielly.
2:25 of 3rd period - Shot by Bryan Rust.
2:25 of 3rd period - Stopped by Devan Dubnyk without a rebound.
2:26 of 3rd period - Tomas Hertl wins face-off versus Paul Byron in NASHVILLE zone.
2:46 of 3rd period - Tomas Hertl is hit by Nicolas Hague and loses puck.
2:49 of 3rd period - Shot by Mark Giordano.
2:49 of 3rd period - Shot Misses the Net.
2:51 of 3rd period - Shot by Nikita Kucherov.
2:51 of 3rd period - Stopped by Devan Dubnyk without a rebound.
2:52 of 3rd period - Devin Shore wins face-off versus Joe Thornton in NASHVILLE zone.
2:52 of 3rd period - Connor Carrick is hit by Zach Hyman and loses puck.
3:21 of 3rd period - Shot by Zach Hyman.
3:21 of 3rd period - Shot Misses the Net.
3:31 of 3rd period - Shot by Joe Thornton.
3:31 of 3rd period - Stopped by Devan Dubnyk with a rebound.
3:40 of 3rd period - Devin Shore is hit by Mark Giordano and loses puck.
3:55 of 3rd period - Shot by Torey Krug.
3:55 of 3rd period - Stopped by Devan Dubnyk with a rebound.
4:12 of 3rd period - Shot by Nikita Kucherov.
4:12 of 3rd period - Stopped by Devan Dubnyk without a rebound.
4:13 of 3rd period - John Tavares wins face-off versus Sean Monahan in NASHVILLE zone.
4:16 of 3rd period - Shot by Anders Lee.
4:16 of 3rd period - Stopped by Devan Dubnyk without a rebound.
4:17 of 3rd period - John Tavares wins face-off versus Sean Monahan in NASHVILLE zone.
4:17 of 3rd period - John Tavares is hit by Morgan Rielly.
4:27 of 3rd period - Shot by Bryan Rust.
4:27 of 3rd period - Shot Misses the Net.
5:04 of 3rd period - J.T. Compher is hit by Anders Lee and loses puck.
5:27 of 3rd period - Shot by Tomas Hertl.
5:27 of 3rd period - Shot Misses the Net.
6:07 of 3rd period - Shot by Sean Monahan.
6:07 of 3rd period - Shot Misses the Net.
6:41 of 3rd period - Icing by Brian Dumoulin.
6:42 of 3rd period - Joe Thornton wins face-off versus Devin Shore in NASHVILLE zone.
6:45 of 3rd period - Shot by Zach Hyman.
6:45 of 3rd period - Shot Blocked by Morgan Rielly.
7:21 of 3rd period - Shot by Bobby Ryan.
7:21 of 3rd period - Stopped by Andrei Vasilevskiy with a rebound.
7:23 of 3rd period - Shot by Paul Byron.
7:23 of 3rd period - Shot Misses the Net.
7:25 of 3rd period - Shot by Jason Dickinson.
7:25 of 3rd period - Shot Misses the Net.
7:45 of 3rd period - Shot by Bobby Ryan.
7:45 of 3rd period - Shot Hit the Post.
8:10 of 3rd period - Off-side.
8:11 of 3rd period - John Tavares wins face-off versus Yakov Trenin in neutral zone.
8:13 of 3rd period - Minor Penalty to Brian Dumoulin for High sticking.
8:14 of 3rd period - John Tavares wins face-off versus Sean Monahan in NASHVILLE zone.
8:45 of 3rd period - Shot by Kyle Connor.
8:45 of 3rd period - Stopped by Devan Dubnyk without a rebound.
8:46 of 3rd period - Joe Thornton wins face-off versus Paul Byron in NASHVILLE zone.
9:05 of 3rd period - Shot by Nikita Kucherov.
9:05 of 3rd period - Shot Misses the Net.
9:07 of 3rd period - Shot by Torey Krug.
9:07 of 3rd period - Shot Blocked by Erik Gustafsson.
9:15 of 3rd period - Shot by Jason Dickinson.
9:15 of 3rd period - Shot Misses the Net.
9:18 of 3rd period - Icing by Torey Krug.
9:19 of 3rd period - Anders Lee wins face-off versus Sean Monahan in MINNESOTA zone.
9:36 of 3rd period - Shot by Bryan Rust.
9:36 of 3rd period - Shot Hit the Post.
9:38 of 3rd period - Shot by Mark Giordano.
9:38 of 3rd period - Shot Blocked by J.T. Compher.
9:40 of 3rd period - Shot by Mark Giordano.
9:40 of 3rd period - Shot Misses the Net.
10:07 of 3rd period - Off-side.
10:08 of 3rd period - Zach Hyman wins face-off versus Paul Byron in neutral zone.
10:22 of 3rd period - Barclay Goodrow is hit by Nicolas Hague and loses puck.
10:28 of 3rd period - Barclay Goodrow is hit by Nicolas Hague and loses puck.
11:04 of 3rd period - Icing by Morgan Rielly.
11:05 of 3rd period - John Tavares wins face-off versus Paul Byron in NASHVILLE zone.
11:14 of 3rd period - Shot by John Tavares.
11:14 of 3rd period - Stopped by Devan Dubnyk without a rebound.
11:15 of 3rd period - Tomas Hertl wins face-off versus J.T. Compher in NASHVILLE zone.
11:26 of 3rd period - Shot by Kyle Connor.
11:26 of 3rd period - Shot Misses the Net.
11:40 of 3rd period - Shot by Nikita Kucherov.
11:40 of 3rd period - Stopped by Devan Dubnyk without a rebound.
11:41 of 3rd period - Paul Byron wins face-off versus John Tavares in NASHVILLE zone.
11:52 of 3rd period - Shot by Jason Dickinson.
11:52 of 3rd period - Deflect By Bobby Ryan.
11:52 of 3rd period - Shot Blocked by Ryan Pulock.
12:14 of 3rd period - Shot by Paul Byron.
12:14 of 3rd period - Shot Blocked by Ryan Pulock.
12:20 of 3rd period - Shot by Jason Dickinson.
12:20 of 3rd period - Stopped by Andrei Vasilevskiy with a rebound.
13:12 of 3rd period - Shot by Nikita Kucherov.
13:12 of 3rd period - Shot Misses the Net.
13:26 of 3rd period - Shot by Jimmy Vesey.
13:26 of 3rd period - Deflect By Sean Monahan.
13:26 of 3rd period - Shot Misses the Net.
13:28 of 3rd period - Shot by J.T. Compher.
13:28 of 3rd period - Shot Blocked by Mark Giordano.
13:30 of 3rd period - Shot by Alex Petrovic.
13:30 of 3rd period - Shot Blocked by Kyle Connor.
14:04 of 3rd period - Morgan Rielly is hit by David Savard and loses puck.
14:08 of 3rd period - Minor Penalty to David Savard for Tripping.
14:09 of 3rd period - Paul Byron wins face-off versus Barclay Goodrow in MINNESOTA zone.
14:35 of 3rd period - Icing by Paul Byron.
14:36 of 3rd period - Tomas Hertl wins face-off versus Paul Byron in NASHVILLE zone.
14:55 of 3rd period - Brandon Tanev is hit by Jason Dickinson and loses puck.
15:19 of 3rd period - Shot by Sean Monahan.
15:19 of 3rd period - Stopped by Andrei Vasilevskiy with a rebound.
15:21 of 3rd period - Shot by Morgan Rielly.
15:21 of 3rd period - Stopped by Andrei Vasilevskiy without a rebound.
15:22 of 3rd period - Sean Monahan wins face-off versus Tomas Hertl in MINNESOTA zone.
15:23 of 3rd period - Shot by Morgan Rielly.
15:23 of 3rd period - Stopped by Andrei Vasilevskiy without a rebound.
15:24 of 3rd period - Sean Monahan wins face-off versus Tomas Hertl in MINNESOTA zone.
15:35 of 3rd period - Shot by Jimmy Vesey.
15:35 of 3rd period - Stopped by Andrei Vasilevskiy without a rebound.
15:36 of 3rd period - Sean Monahan wins face-off versus Tomas Hertl in MINNESOTA zone.
15:37 of 3rd period - Shot by Morgan Rielly.
15:37 of 3rd period - Stopped by Andrei Vasilevskiy without a rebound.
15:38 of 3rd period - J.T. Compher wins face-off versus Tomas Hertl in MINNESOTA zone.
15:49 of 3rd period - Shot by Jimmy Vesey.
15:49 of 3rd period - Shot Misses the Net.
15:51 of 3rd period - Shot by Brian Dumoulin.
15:51 of 3rd period - Shot Blocked by Brandon Tanev.
15:53 of 3rd period - Shot by J.T. Compher.
15:53 of 3rd period - Shot Blocked by Brandon Tanev.
16:12 of 3rd period - Anders Lee is hit by Nicolas Hague and loses puck.
16:25 of 3rd period - Shot by Anders Lee.
16:25 of 3rd period - Shot Misses the Net.
16:40 of 3rd period - David Savard is hit by Erik Gustafsson and loses puck.
17:06 of 3rd period - Minor Penalty to Zach Hyman for Hooking.
17:06 of 3rd period - Minor Penalty to Nicolas Hague for Interference.
17:07 of 3rd period - John Tavares wins face-off versus Sean Monahan in NASHVILLE zone.
17:10 of 3rd period - Shot by Kyle Connor.
17:10 of 3rd period - Shot Misses the Net.
17:36 of 3rd period - Shot by John Tavares.
17:36 of 3rd period - Shot Misses the Net.
18:03 of 3rd period - Shot by Paul Byron.
18:03 of 3rd period - Deflect By Jason Dickinson.
18:03 of 3rd period - Stopped by Andrei Vasilevskiy with a rebound.
18:05 of 3rd period - Shot by Erik Gustafsson.
18:05 of 3rd period - Stopped by Andrei Vasilevskiy with a rebound.
18:22 of 3rd period - John Tavares is hit by Paul Byron and loses puck.
18:30 of 3rd period - Icing by Duncan Keith.
18:31 of 3rd period - Sean Monahan wins face-off versus John Tavares in MINNESOTA zone.
19:14 of 3rd period - Shot by Zach Hyman.
19:14 of 3rd period - Shot Misses the Net.
19:16 of 3rd period - Shot by Kris Russell.
19:16 of 3rd period - Shot Misses the Net.
19:18 of 3rd period - Shot by David Savard.
19:18 of 3rd period - Stopped by Devan Dubnyk without a rebound.
19:19 of 3rd period - Paul Byron wins face-off versus Johan Larsson in NASHVILLE zone.
19:49 of 3rd period - Shot by Bobby Ryan.
19:49 of 3rd period - Shot Misses the Net.
Goals for this period are 0 for NASHVILLE vs 0 for MINNESOTA.
Shots for this period are 11 for NASHVILLE vs 10 for MINNESOTA.